 Dungeon Crawl Stone Soup version 0.31-a0-986-g5e6e4ef867 (webtiles) character file.

Game seed: 10847526493053254589

1502 IdlyInterested the Unbeliever (level 8, -2/62 HPs)
             Began as a Demonspawn Gladiator on Nov 8, 2023.
             Slain by Menkaure (14 damage)
             ... on level 5 of the Dungeon.
             The game lasted 00:14:04 (3918 turns).

IdlyInterested the Unbeliever (DsGl)                Turns: 3918, Time: 00:14:04

Health: -2/62      AC: 14    Str: 21    XL:     8   Next: 52%
Magic:  13/13      EV:  7    Int: 12    God:
Gold:   197        SH:  0    Dex: 15    Spells: 7/7 levels left

rFire   x . .        g - +5 mace of Doom {freeze, rF- Str+4 Int+3}
rCold   . . .        E - orb {mayhem}
rNeg    . . .        t - +0 plate armour
rPois   .            l - +0 helmet
rElec   .            d - +0 cloak
rCorr   .            (no gloves)
SInv    .            (no boots)
Will    .....        (no amulet) Stlth
                     (no ring)
HPRegen 0.30/turn    (no ring)
MPRegen 0.26/turn

%: mayhem
@: no status effects
A: hooves 1, powered by death 1, magic regeneration
a: no special abilities


You were on level 5 of the Dungeon.
You visited 1 branch of the dungeon, and saw 5 of its levels.

You collected 197 gold pieces.

Inventory:

Hand Weapons
 a - a +1 flail
 e - a +1 whip of electrocution
 g - the +5 mace of Doom (weapon) {freeze, rF- Str+4 Int+3}
   (You found it on level 4 of the Dungeon)

   Str+4:     It affects your strength (+4).
   Int+3:     It affects your intelligence (+3).
   rF-:       It makes you vulnerable to fire.
 y - the +2 mace "Teademeh" {heavy, *Corrode rPois rN+++ Will-}
   (You found it on level 2 of the Dungeon)

   rPois:     It protects you from poison rN+++: It renders you almost immune to
   negative energy.
   Will-:     It decreases your willpower.
   *Corrode:  It may corrode you when you take damage.
 B - a +0 heavy flail
 D - the +1 hammer of the Illusory Seers {drain, Will+ Int+3}
   (You found it on level 4 of the Dungeon)

   Int+3:     It affects your intelligence (+3).
   Will+:     It increases your willpower.
 G - the +6 hand axe "Peot Zie" {heavy, rPois Str-3 Dex+6}
   (You found it on level 5 of the Dungeon)

   Str-3:     It affects your strength (-3).
   Dex+6:     It affects your dexterity (+6).
   rPois:     It protects you from poison
Missiles
 k - 6 boomerangs (quivered)
 v - 7 stones
 w - a javelin
 C - 2 throwing nets
 F - a poisoned dart
 H - a curare-tipped dart
Armour
 d - a +0 cloak (worn)
 l - a +0 helmet (worn)
 t - a +0 plate armour (worn)
 E - an orb of mayhem (worn)
 I - an orb of light
Magical Staves
 b - a staff of cold
 c - a staff of death
Scrolls
 f - a scroll of vulnerability {unknown}
 h - a scroll of enchant armour {unknown}
 i - a scroll of amnesia {unknown}
 j - 2 scrolls of immolation
 m - a scroll of butterflies {unknown}
 n - a scroll of fear {unknown}
 p - a scroll of fog {unknown}
 q - a scroll of enchant weapon
 r - a scroll of revelation {unknown}
 x - a scroll of teleportation
Potions
 o - a potion of attraction
 s - 2 potions of haste
 u - a potion of mutation
 z - a potion of cancellation {unknown}
 A - 2 potions of curing


   Skills:
 + Level 5.2 Fighting
 - Level 5.0 Maces & Flails
 - Level 2.0 Throwing
 + Level 4.1 Armour
 - Level 3.0 Dodging
 - Level 2.0 Shields
 + Level 7.1 Invocations
 - Level 2.0 Evocations


You had 7 spell levels left.
You didn't know any spells.
Your spell library contained the following spells:

 Spells                   Type           Power      Damage    Failure   Level
 Necrotise                Necr           0%         1d4       100%        1
 Vampiric Draining        Necr           0%         2d6       100%        3
 Agony                    Necr           0%         N/A       100%        5


Dungeon Overview and Level Annotations

Branches:
Dungeon (5/15)
 Temple: D:4-7

Altars:
Ashenzari
Gozag
Okawaru
Wu Jian

Shops:
D:3 =

Annotations:
D:5 Menkaure


Innate Abilities, Weirdness & Mutations

You have large cloven feet.
You regenerate a little health from kills.
You regenerate magic rapidly.


Message History

The phantom is severely damaged.
The phantom hits you.
The phantom blinks!
You blink.
Menkaure, Prince of Dust comes into view.
You thump the phantom! Your kick misses the phantom.
The phantom is almost destroyed.
Menkaure shouts!
The phantom hits you. x2
You sock the phantom!
You destroy the phantom!
Menkaure flies into a frenzy!
Throw: 6 boomerangs
Press: ? - help, Q - select action, (/) - cycle Shift-Dir - straight line, f - Menkaure
Aim: Menkaure (fast, strong, frenzied and wild, 74% to hit)
You throw a boomerang. The boomerang barely misses Menkaure.
Throw: 6 boomerangs
Press: ? - help, Q - select action, (/) - cycle Shift-Dir - straight line, f/p - Menkaure
Aim: Menkaure (fast, strong, frenzied and wild, 74% to hit)
You throw a boomerang. The boomerang hits Menkaure.
Menkaure is lightly damaged.
Menkaure hits you but does no damage.
You hit Menkaure. You kick Menkaure.
Menkaure is moderately damaged.
Menkaure hits you!!
You barely miss Menkaure.
Menkaure is moderately damaged.
Menkaure barely misses you.
You hit Menkaure.
Menkaure is heavily damaged.
Menkaure barely misses you. Menkaure closely misses you.
You hit Menkaure.
Menkaure is heavily damaged.
Menkaure hits you but does no damage.
You barely miss Menkaure. You kick Menkaure.
Menkaure is severely damaged.
Menkaure hits you but does no damage. Menkaure hits you!!
* * * LOW HITPOINT WARNING * * *
You barely miss Menkaure. You kick Menkaure, but do no damage.
Menkaure is severely damaged.
Menkaure hits you!
You die...

###.............# #.......
................# #######....#..
.....†..).......# #.....#....##.
....############# #.....#....##>
....# ############.....#....###
...>#####.........##.....#....###
........'...........§....+.......
#########.........##.....#....##.
#.......@.##.....#######.
#......M..##.....# #.
#.........##..)..#######.
#.........##.§...##.)....
#.........##.....##.#####
#.........##.....##.#
.........#########.# .........#
#.# #.#


You could see the neutral Menkaure (fast, strong, frenzied).

Vanquished Creatures
  Pikel (D:4)
  Grinder (D:4)
  A wraith (D:5)
  A kobold brigand (D:5)
  2 phantoms (D:5)
  2 scorpions
  A howler monkey (D:5)
  2 hounds
  A jelly (D:5)
  Crazy Yiuf (D:4)
  An orc priest (D:4)
  An orc wizard (D:5)
  5 adders
  A worm (D:3)
  2 dart slugs (D:2)
  8 orcs
  4 ball pythons
  5 bats
  9 endoplasms
  2 giant cockroaches
  6 goblins
  2 hobgoblins
  5 jackals
  6 kobolds
  5 quokkas
  A frilled lizard (D:3)
  4 rats
80 creatures vanquished.

Vanquished Creatures (collateral kills)
  An orc (D:5)
1 creature vanquished.

Grand Total: 81 creatures vanquished

Notes
Turn   | Place    | Note
-------+----------+-------------------------------------------
     0 | D:1      | IdlyInterested the Demonspawn Gladiator began the quest for
                  | the Orb.
     0 | D:1      | Reached XP level 1. HP: 16/16 MP: 1/1
   341 | D:1      | Gained mutation: You regenerate a little health from kills.
                  | [demonic ancestry]
   341 | D:1      | Reached XP level 2. HP: 23/23 MP: 2/2
   779 | D:2      | Reached skill level 1 in Armour
   834 | D:2      | You fall into a shaft and drop 2 floors!
   918 | D:4      | Reached XP level 3. HP: 28/28 MP: 3/3
   964 | D:4      | Noticed Grinder
   964 | D:4      | Noticed a scorpion
  1008 | D:4      | Killed a scorpion
  1009 | D:4      | Reached skill level 1 in Evocations
  1009 | D:4      | Reached XP level 4. HP: 19/37 MP: 4/4
  1035 | D:4      | Paralysed by Grinder for 5 turns
  1042 | D:4      | Killed Grinder
  1043 | D:4      | Gained mutation: You regenerate magic rapidly. [demonic
                  | ancestry]
  1043 | D:4      | Reached XP level 5. HP: 26/42 MP: 5/5
  1043 | D:4      | Reached XP level 6. HP: 29/48 MP: 6/6
  1184 | D:4      | Identified the +5 mace of Doom {freeze, rF- Str+4 Int+3}
  1221 | D:3      | Found Yfach's Jewellery Shop.
  1271 | D:3      | Found an iron altar of Okawaru.
  1274 | D:3      | Found an opulent altar of Gozag.
  1842 | D:2      | Reached skill level 1 in Invocations
  1956 | D:2      | Identified the +2 mace "Teademeh" {heavy, *Corrode rPois
                  | rN+++ Will-}
  2576 | D:4      | Noticed Pikel
  2623 | D:4      | Killed Pikel
  2624 | D:4      | Reached skill level 5 in Fighting
  2624 | D:4      | Reached skill level 5 in Invocations
  2624 | D:4      | Gained mutation: You have large cloven feet. [demonic
                  | ancestry]
  2624 | D:4      | Reached XP level 7. HP: 27/56 MP: 6/10
  2994 | D:4      | Found a runed translucent door.
  2995 | D:4      | Noticed Crazy Yiuf
  3003 | D:4      | Killed Crazy Yiuf
  3015 | D:4      | Identified the +1 hammer of the Illusory Seers {drain,
                  | Will+ Int+3}
  3096 | D:5      | Entered Level 5 of the Dungeon
  3110 | D:5      | Found a broken altar of Ashenzari.
  3111 | D:5      | Noticed a wraith
  3122 | D:5      | Killed a wraith
  3123 | D:5      | Reached skill level 6 in Invocations
  3123 | D:5      | Reached XP level 8. HP: 33/62 MP: 12/12
  3369 | D:5      | Identified the +6 hand axe "Peot Zie" {heavy, rPois Str-3
                  | Dex+6}
  3407 | D:5      | Found an ornate altar of the Wu Jian Council.
  3424 | D:5      | Reached skill level 1 in Shields
  3803 | D:5      | Reached skill level 5 in Maces & Flails
  3870 | D:5      | Reached skill level 7 in Invocations
  3908 | D:5      | Noticed Menkaure
  3918 | D:5      | Slain by Menkaure

Illustrated notes

Levels and vault maps discovered:
D:1:      lightli_arrival_statuegarden, layout_basic
D:2:      layout_basic, nicolae_half_adder
D:3:      layout_basic, chequers_temple_overflow_statue_of_worship,
          serial_shops, nicolae_shop_waterfront, kennysheep_cross_bottleneck
D:4:      layout_basic, minmay_distorted, uniq_crazy_yiuf_cottage, uniq_grinder,
          uniq_pikel
D:5:      layout_basic, hangedman_feature_mirror, uniq_menkaure

Skill      XL: |  1  2  3  4  5  6  7  8 |
---------------+-------------------------+-----
Throwing       | 2 |  2.0
Armour         | 1 2 4 |  4.1
Fighting       | 3 4 5 |  5.2
Maces & Flails | 3 4 5 |  5.0
Dodging        | 3 |  3.0
Evocations     | 1 2 |  2.0
Invocations    | 5 6 7 |  7.1
Shields        | 2 |  2.0

Action                     |  1- 3 |  4- 6 |  7- 9 || total
---------------------------+-------+-------+-------++-------
  Melee: Flail             |    77 |       |       ||    77
         Punch             |     1 |       |       ||     1
         Unarmed           |     5 |    11 |       ||    16
         Mace              |       |    68 |    80 ||   148
         Kick              |       |       |    22 ||    22
  Throw: Stone             |       |    12 |       ||    12
         Boomerang         |       |     2 |    15 ||    17
         Javelin           |       |     1 |       ||     1
         Throwing net      |       |       |     3 ||     3
         Dart              |       |       |     1 ||     1
    Use: Potion            |     2 |       |       ||     2
         Scroll            |       |     4 |     3 ||     7
   Stab: Sleeping          |     1 |       |       ||     1
         Held in net/web   |       |       |     1 ||     1
 Armour: Leather armour    |    54 |       |       ||    54
         Skin              |     8 |    11 |       ||    19
         Plate armour      |       |    42 |    70 ||   112
         Ring mail         |       |     7 |       ||     7
  Dodge: Dodged            |    61 |    48 |    31 ||   140

Table legend: (Time is in decaauts)
 A = Elapsed time spent in this place.
 B = Non-inter-level travel time spent in this place.
 C = Inter-level travel time spent in this place.
 D = Time resting spent in this place.
 E = Time spent auto-exploring this place.
 F = Levels seen in this place.
 G = Mean time per level.
                   A        B        C        D        E       F      G
               +--------+--------+--------+--------+--------+-----+--------+
         Total |   3989 |   3792 |    197 |    505 |   2204 |   5 |  797.8 |
       Dungeon |   3989 |   3792 |    197 |    505 |   2204 |   5 |  797.8 |
               +--------+--------+--------+--------+--------+-----+--------+

Top non-repeatable levels by time:
     D:4: 926 daAuts
     D:3: 868 daAuts
     D:5: 844 daAuts
     D:1: 702 daAuts
     D:2: 648 daAuts
